TOP OF THE 1ST |
St. Louis Cardinals batting - Pitching for Los Angeles Dodgers : RHP John Bialon
|
Pitching: RHP John Bialon
|
|
Batting: LHB Tom Butterbaugh
|
0-0: Ball 1-0: Ball 2-0: Foul Ball, location: 2F 2-1: Foul Ball, location: 2F 2-2: Ball 3-2: Ground out U3 (Groundball, 34S, EV 78.8 MPH)
|
Batting: SHB Antoine Roux
|
0-0: Called Strike 0-1: Ball 1-1: Ball 2-1: Swinging Strike 2-2: Ball 3-2: Base on Balls
|
Batting: LHB Armando Carbajal
|
0-0: Ball 1-0: SINGLE (Line Drive, 89M, EV 87.5 MPH) Antoine Roux to second
|
Batting: LHB Pat Sutton
|
0-0: Foul Ball, location: 2F 0-1: Ball 1-1: Called Strike 1-2: Strikes out swinging
|
Batting: RHB Klaas Meij
|
0-0: Ball 1-0: Ball 2-0: Called Strike 2-1: Foul Ball, location: 2F 2-2: Strikes out swinging
|
Top of the 1st over - 0 runs, 1 hit, 0 errors, 2 left on base; St. Louis 0 - Los Angeles 0 |
BOTTOM OF THE 1ST |
Los Angeles Dodgers batting - Pitching for St. Louis Cardinals : LHP Antonio Lacayo
|
Pitching: LHP Antonio Lacayo
|
|
Batting: RHB Clay Buchanan
|
0-0: Ball 1-0: Ground out 3-1 (Groundball, 34, EV 79.4 MPH)
|
Batting: RHB Doug Hammertime
|
0-0: Called Strike 0-1: Swinging Strike 0-2: Ball 1-2: Ball 2-2: SINGLE (Groundball, 6MD, EV 106.2 MPH)
|
Batting: LHB Lirak Bazhunaishvili
|
0-0: Ball 1-0: Swinging Strike 1-1: Fly out, F8 (Flyball, 8LD, EV 104.4 MPH)
|
Batting: SHB Joel Baker
|
0-0: Ball 1-0: Ball Passed Ball! Doug Hammertime to second 2-0: Ball 3-0: Called Strike 3-1: Base on Balls
|
Batting: RHB Danny Dyer
|
0-0: Fly out, F9 (Flyball, 9S, EV 82.5 MPH)
|
Bottom of the 1st over - 0 runs, 1 hit, 0 errors, 2 left on base; St. Louis 0 - Los Angeles 0 |
TOP OF THE 2ND |
St. Louis Cardinals batting - Pitching for Los Angeles Dodgers : RHP John Bialon
|
Batting: LHB Ichiro Toyota
|
0-0: Fly out, F8 (Flyball, 89M, EV 83.1 MPH)
|
Batting: RHB Melvin Enriquez
|
0-0: Ball 1-0: Ball 2-0: Fly out, F8 (Flyball, 8LXD, EV 89.4 MPH)
|
Batting: SHB Jason Kirby
|
0-0: Foul Ball, location: 2F 0-1: Called Strike 0-2: Ball 1-2: Ball 2-2: Foul Ball, location: 2F 2-2: Ground out U3 (Groundball, 3, EV 111.2 MPH)
|
Top of the 2nd over - 0 runs, 0 hits, 0 errors, 0 left on base; St. Louis 0 - Los Angeles 0 |
BOTTOM OF THE 2ND |
Los Angeles Dodgers batting - Pitching for St. Louis Cardinals : LHP Antonio Lacayo
|
Batting: RHB Rocky Campbell
|
0-0: Ball 1-0: Ball 2-0: Fly out, F8 (Flyball, 8LM, EV 81.2 MPH)
|
Batting: RHB Adriaan Boessenkool
|
0-0: Called Strike 0-1: Ball 1-1: Foul Ball, location: 2F 1-2: Foul Ball, location: 2F 1-2: Foul Ball, location: 2F 1-2: Ball 2-2: Ground out 6-3 (Groundball, 6, EV 109.4 MPH)
|
Batting: RHB Tim Nettles
|
0-0: Foul Ball, location: 2F 0-1: Ball 1-1: Swinging Strike 1-2: Strikes out swinging
|
Bottom of the 2nd over - 0 runs, 0 hits, 0 errors, 0 left on base; St. Louis 0 - Los Angeles 0 |
TOP OF THE 3RD |
St. Louis Cardinals batting - Pitching for Los Angeles Dodgers : RHP John Bialon
|
Batting: RHB Fabrice Bertin
|
0-0: Ball 1-0: Ball 2-0: Called Strike 2-1: Fly out, F7 (Flyball, 7S, EV 88.1 MPH)
|
Batting: LHB Tom Butterbaugh
|
0-0: Ball 1-0: Called Strike 1-1: Swinging Strike 1-2: DOUBLE (Flyball, 8LXD, EV 110.0 MPH)
|
Batting: SHB Antoine Roux
|
0-0: Ball 1-0: Swinging Strike 1-1: Ball 2-1: Ball 3-1: Called Strike 3-2: 2-RUN HOME RUN (Flyball, 9LD, EV 95.6 MPH), Distance : 354 ft
|
Batting: LHB Armando Carbajal
|
0-0: Foul Ball, location: 2F 0-1: Ball 1-1: Ball 2-1: Ball 3-1: Base on Balls
|
Batting: LHB Pat Sutton
|
0-0: Ball 1-0: Ball 2-0: Swinging Strike 2-1: Ball 3-1: Base on Balls Armando Carbajal to second
|
Batting: RHB Klaas Meij
|
0-0: Called Strike 0-1: 3-RUN HOME RUN (Flyball, 7LD, EV 90.6 MPH), Distance : 349 ft
|
Pitching: RHP Jon Schau
|
|
Batting: LHB Ichiro Toyota
|
0-0: Foul Ball, location: 2F 0-1: Ground out 4-3 (Groundball, 34D, EV 82.5 MPH)
|
Batting: RHB Melvin Enriquez
|
0-0: Called Strike 0-1: Ball 1-1: Called Strike 1-2: Strikes out looking
|
Top of the 3rd over - 5 runs, 3 hits, 0 errors, 0 left on base; St. Louis 5 - Los Angeles 0 |
BOTTOM OF THE 3RD |
Los Angeles Dodgers batting - Pitching for St. Louis Cardinals : LHP Antonio Lacayo
|
Batting: RHB Wing-kit Bu
|
0-0: Ball 1-0: Ball 2-0: Fly out, F8 (Flyball, 78M, EV 91.9 MPH)
|
Batting: RHB Clay Buchanan
|
0-0: Ball 1-0: Ball 2-0: Called Strike 2-1: Called Strike 2-2: Strikes out swinging
|
Batting: RHB Doug Hammertime
|
0-0: SINGLE (Line Drive, 56D, EV 98.8 MPH)
|
Batting: LHB Lirak Bazhunaishvili
|
0-0: Ball 1-0: Swinging Strike 1-1: Called Strike 1-2: Strikes out looking
|
Bottom of the 3rd over - 0 runs, 1 hit, 0 errors, 1 left on base; St. Louis 5 - Los Angeles 0 |
TOP OF THE 4TH |
St. Louis Cardinals batting - Pitching for Los Angeles Dodgers : RHP Jon Schau
|
Batting: SHB Jason Kirby
|
0-0: Ball 1-0: Ground out 5-3 (Groundball, 56, EV 92.5 MPH)
|
Batting: RHB Fabrice Bertin
|
0-0: Foul Ball, location: 2F 0-1: SINGLE (Groundball, 56, EV 85.0 MPH) (infield hit)
|
Batting: LHB Tom Butterbaugh
|
0-0: Ball 1-0: Ball 2-0: Called Strike 2-1: Ball 3-1: Base on Balls Fabrice Bertin to second
|
Batting: SHB Antoine Roux
|
0-0: Foul Ball, location: 2F 0-1: Foul Ball, location: 2F 0-2: Ball 1-2: Ball 2-2: Ball 3-2: Fly out, F9 (Flyball, 9D, EV 75.6 MPH) Runner from 2nd tags up, SAFE at 3rd, no throw by RF
|
Batting: LHB Armando Carbajal
|
0-0: Called Strike 0-1: Called Strike 0-2: Strikes out looking
|
Top of the 4th over - 0 runs, 1 hit, 0 errors, 2 left on base; St. Louis 5 - Los Angeles 0 |
BOTTOM OF THE 4TH |
Los Angeles Dodgers batting - Pitching for St. Louis Cardinals : LHP Antonio Lacayo
|
Batting: SHB Joel Baker
|
0-0: Called Strike 0-1: Called Strike 0-2: Fly out, F8 (Flyball, 8RXD, EV 86.2 MPH)
|
Batting: RHB Danny Dyer
|
0-0: Called Strike 0-1: Swinging Strike 0-2: Foul Ball, location: 2F 0-2: Foul Ball, location: 2F 0-2: Ground out 6-3 (Groundball, 6, EV 98.1 MPH)
|
Batting: RHB Rocky Campbell
|
0-0: Called Strike 0-1: Ball 1-1: Fly out, F9 (Line Drive, 9, EV 91.2 MPH)
|
Bottom of the 4th over - 0 runs, 0 hits, 0 errors, 0 left on base; St. Louis 5 - Los Angeles 0 |
TOP OF THE 5TH |
St. Louis Cardinals batting - Pitching for Los Angeles Dodgers : RHP Jon Schau
|
Batting: LHB Pat Sutton
|
0-0: Called Strike 0-1: SINGLE (Groundball, 4D, EV 101.9 MPH)
|
Batting: RHB Klaas Meij
|
0-0: Foul Ball, location: 2F 0-1: Swinging Strike 0-2: Foul Ball, location: 2F 0-2: Strikes out swinging
|
Batting: LHB Ichiro Toyota
|
0-0: Ball 1-0: Fielders Choice at 2nd, 5-4 (Groundball, 56, EV 101.2 MPH)
|
Batting: RHB Melvin Enriquez
|
0-0: Foul Ball, location: 2F 0-1: Swinging Strike 0-2: Fly out, F8 (Flyball, 8RS, EV 76.9 MPH)
|
Top of the 5th over - 0 runs, 1 hit, 0 errors, 1 left on base; St. Louis 5 - Los Angeles 0 |
BOTTOM OF THE 5TH |
Los Angeles Dodgers batting - Pitching for St. Louis Cardinals : LHP Antonio Lacayo
|
Batting: RHB Adriaan Boessenkool
|
0-0: Foul Ball, location: 2F 0-1: Swinging Strike 0-2: Strikes out swinging
|
Batting: RHB Tim Nettles
|
0-0: Called Strike 0-1: Ball 1-1: Ground out 4-3 (Groundball, 34, EV 85.6 MPH)
|
Batting: RHB Wing-kit Bu
|
0-0: Fly out, F9 (Line Drive, 89D, EV 95.6 MPH)
|
Bottom of the 5th over - 0 runs, 0 hits, 0 errors, 0 left on base; St. Louis 5 - Los Angeles 0 |
TOP OF THE 6TH |
St. Louis Cardinals batting - Pitching for Los Angeles Dodgers : RHP Jon Schau
|
Batting: SHB Jason Kirby
|
0-0: Foul Ball, location: 2F 0-1: Swinging Strike 0-2: Ball 1-2: Strikes out swinging
|
Pitching: RHP Craig Fallon
|
|
Batting: RHB Fabrice Bertin
|
0-0: Ball 1-0: Foul Ball, location: 2F 1-1: DOUBLE (Line Drive, 89M, EV 106.9 MPH)
|
Batting: LHB Tom Butterbaugh
|
0-0: Called Strike 0-1: Ball 1-1: Foul Ball, location: 2F 1-2: Fly out, F9 (Line Drive, 9, EV 91.2 MPH)
|
Batting: SHB Antoine Roux
|
0-0: Ball 1-0: Ball 2-0: Ball 3-0: Called Strike 3-1: Called Strike 3-2: Foul Ball, location: 2F 3-2: Foul Ball, location: 2F 3-2: 2-RUN HOME RUN (Line Drive, 9D, EV 103.8 MPH), Distance : 390 ft
|
Batting: LHB Armando Carbajal
|
0-0: Fly out, F8 (Flyball, 8LXD, EV 92.5 MPH)
|
Top of the 6th over - 2 runs, 2 hits, 0 errors, 0 left on base; St. Louis 7 - Los Angeles 0 |
BOTTOM OF THE 6TH |
Los Angeles Dodgers batting - Pitching for St. Louis Cardinals : LHP Antonio Lacayo
|
Batting: RHB Clay Buchanan
|
0-0: Called Strike 0-1: Foul Ball, location: 2F 0-2: Foul Ball, location: 2F 0-2: Foul Ball, location: 2F 0-2: Strikes out looking
|
Batting: RHB Doug Hammertime
|
0-0: Called Strike 0-1: Ball 1-1: SINGLE (Line Drive, 78M, EV 85.6 MPH)
|
Batting: LHB Lirak Bazhunaishvili
|
0-0: Ball 1-0: Ball 2-0: Swinging Strike 2-1: Foul Ball, location: 2F 2-2: 2-RUN HOME RUN (Flyball, 8LXD, EV 100.6 MPH), Distance : 414 ft
|
Batting: SHB Joel Baker
|
0-0: Called Strike 0-1: Fly out, F7 (Line Drive, 7S, EV 92.5 MPH)
|
Batting: RHB Danny Dyer
|
0-0: Swinging Strike 0-1: Ball 1-1: Ball 2-1: Swinging Strike 2-2: Strikes out swinging
|
Bottom of the 6th over - 2 runs, 2 hits, 0 errors, 0 left on base; St. Louis 7 - Los Angeles 2 |
TOP OF THE 7TH |
St. Louis Cardinals batting - Pitching for Los Angeles Dodgers : RHP Craig Fallon
|
Batting: LHB Pat Sutton
|
0-0: Foul Ball, location: 2F 0-1: Swinging Strike 0-2: Ball 1-2: Ball 2-2: Foul Ball, location: 2F 2-2: Strikes out swinging
|
Batting: RHB Klaas Meij
|
0-0: Ball 1-0: Called Strike 1-1: Swinging Strike 1-2: Ball 2-2: Strikes out swinging
|
Batting: LHB Ichiro Toyota
|
0-0: SOLO HOME RUN (Flyball, 9LD, EV 96.2 MPH), Distance : 357 ft
|
Batting: RHB Melvin Enriquez
|
0-0: Called Strike 0-1: Foul Ball, location: 2F 0-2: Strikes out looking
|
Top of the 7th over - 1 run, 1 hit, 0 errors, 0 left on base; St. Louis 8 - Los Angeles 2 |
BOTTOM OF THE 7TH |
Los Angeles Dodgers batting - Pitching for St. Louis Cardinals : LHP Antonio Lacayo
|
Batting: RHB Rocky Campbell
|
0-0: Ball 1-0: DOUBLE (Groundball, 5L, EV 107.5 MPH)
|
Batting: RHB Adriaan Boessenkool
|
0-0: SINGLE (Groundball, 6MD, EV 104.4 MPH) (infield hit) Rocky Campbell to third
|
Batting: RHB Tim Nettles
|
0-0: Called Strike 0-1: Foul Ball, location: 2F 0-2: Ball 1-2: Ball 2-2: Ball 3-2: Foul Ball, location: 2F 3-2: Base on Balls Adriaan Boessenkool to second
|
Batting: RHB Wing-kit Bu
|
0-0: Called Strike 0-1: Ball 1-1: GRAND SLAM HOME RUN (Flyball, 7D, EV 96.9 MPH), Distance : 374 ft
|
Pitching: RHP Bryan Banana
|
|
Batting: RHB Clay Buchanan
|
0-0: Ball 1-0: Ball 2-0: Ground out 1-3 (Groundball, P, EV 62.5 MPH)
|
Batting: RHB Doug Hammertime
|
0-0: Ball 1-0: Ground out U3 (Groundball, 3S, EV 86.2 MPH)
|
Batting: LHB Lirak Bazhunaishvili
|
0-0: Swinging Strike 0-1: Foul Ball, location: 2F 0-2: Ball 1-2: Ball 2-2: Ball 3-2: Fly out, F6 (Flyball, 6MD, EV 92.5 MPH)
|
Bottom of the 7th over - 4 runs, 3 hits, 0 errors, 0 left on base; St. Louis 8 - Los Angeles 6 |
TOP OF THE 8TH |
St. Louis Cardinals batting - Pitching for Los Angeles Dodgers : RHP Craig Fallon
|
Pitching: LHP Sam Zegarelli
|
|
Batting: SHB Jason Kirby
|
0-0: Foul Ball, location: 2F 0-1: TRIPLE (Groundball, 5L, EV 96.9 MPH)
|
Batting: RHB Fabrice Bertin
|
0-0: Called Strike 0-1: Ball 1-1: Foul Ball, location: 2F 1-2: Ball 2-2: Fly out, F7 (Flyball, 7S, EV 72.5 MPH)
|
Batting: LHB Tom Butterbaugh
|
0-0: Ball 1-0: Ball 2-0: SINGLE (Line Drive, 89M, EV 93.8 MPH) Jason Kirby scores
|
Batting: SHB Antoine Roux
|
0-0: Called Strike 0-1: Foul Ball, location: 2F 0-2: Ball 1-2: Ball 2-2: SINGLE (Line Drive, 89S, EV 109.4 MPH) Tom Butterbaugh to second
|
Batting: LHB Armando Carbajal
|
0-0: Ball 1-0: SINGLE (Groundball, 4S, EV 98.8 MPH) Tom Butterbaugh to third Antoine Roux to second Runner from 3rd tries for Home, SAFE, throw by CF to home
|
Batting: LHB Pat Sutton
|
0-0: Called Strike 0-1: Called Strike 0-2: Ball 1-2: Strikes out looking
|
Batting: RHB Klaas Meij
|
0-0: Ball 1-0: Swinging Strike 1-1: SINGLE (Line Drive, 8LS, EV 107.5 MPH) Antoine Roux to third Armando Carbajal to second Runner from 3rd tries for Home, SAFE, throw by CF to home
|
Batting: LHB Ichiro Toyota
|
0-0: Foul Ball, location: 2F 0-1: Ball 1-1: Swinging Strike 1-2: Fly out, F8 (Line Drive, 8LD, EV 91.2 MPH)
|
Top of the 8th over - 3 runs, 5 hits, 0 errors, 2 left on base; St. Louis 11 - Los Angeles 6 |
BOTTOM OF THE 8TH |
Los Angeles Dodgers batting - Pitching for St. Louis Cardinals : RHP Bryan Banana
|
Batting: SHB Joel Baker
|
0-0: Called Strike 0-1: Called Strike 0-2: Ball 1-2: Ball 2-2: Foul Ball, location: 2F 2-2: Ball 3-2: Base on Balls
|
Batting: RHB Danny Dyer
|
0-0: Ball 1-0: Ball 2-0: Foul Ball, location: 2F 2-1: Swinging Strike 2-2: Ball 3-2: Foul Ball, location: 2F 3-2: Strikes out swinging
|
Batting: RHB Rocky Campbell
|
Pickoff Throw to First - Out! 1-3 CS 0-0: Ball 1-0: Ball 2-0: Ball 3-0: Called Strike 3-1: Swinging Strike 3-2: Strikes out swinging
|
Bottom of the 8th over - 0 runs, 0 hits, 0 errors, 0 left on base; St. Louis 11 - Los Angeles 6 |
TOP OF THE 9TH |
St. Louis Cardinals batting - Pitching for Los Angeles Dodgers : LHP Sam Zegarelli
|
Pitching: RHP Bo Chia
|
|
Batting: RHB Melvin Enriquez
|
0-0: Foul Ball, location: 2F 0-1: Ball 1-1: Ball 2-1: Ball 3-1: Base on Balls
|
Batting: SHB Jason Kirby
|
0-0: Fly out, F8 (Line Drive, 8RM, EV 97.5 MPH)
|
Batting: RHB Fabrice Bertin
|
0-0: Ball Melvin Enriquez steals 2nd base 1-0: Ball 2-0: Ground out 2-3 (Groundball, 15S, EV 69.4 MPH) Melvin Enriquez to third
|
Batting: LHB Tom Butterbaugh
|
0-0: Foul Ball, location: 2F 0-1: Foul Ball, location: 2F 0-2: Strikes out looking
|
Top of the 9th over - 0 runs, 0 hits, 0 errors, 1 left on base; St. Louis 11 - Los Angeles 6 |
BOTTOM OF THE 9TH |
Los Angeles Dodgers batting - Pitching for St. Louis Cardinals : RHP Bryan Banana
|
Batting: RHB Adriaan Boessenkool
|
0-0: Called Strike 0-1: Hit by Pitch
|
Pitching: RHP Chad Mangum
|
|
Batting: RHB Tim Nettles
|
0-0: Ball 1-0: Ball 2-0: Ball 3-0: Called Strike 3-1: Foul Ball, location: 2F 3-2: Strikes out looking
|
Batting: RHB Wing-kit Bu
|
0-0: Ball 1-0: Fly out, F8 (Flyball, 8RD, EV 81.9 MPH)
|
Batting: RHB Clay Buchanan
|
0-0: Ball 1-0: Called Strike 1-1: Swinging Strike 1-2: Ball Wild Pitch! Adriaan Boessenkool to second 2-2: Ball Wild Pitch! Adriaan Boessenkool to third 3-2: Foul Ball, location: 2F 3-2: Strikes out looking
|
Bottom of the 9th over - 0 runs, 0 hits, 0 errors, 1 left on base; St. Louis 11 - Los Angeles 6 |
|